 Dungeon Crawl Stone Soup version 0.29.1-2-gbd0b4ee654 (webtiles) character file.

Game seed: 14353924640818594118

123 GorkyZ the Trooper (level 4, -2/37 HPs)
             Began as a Demonspawn Fighter on Nov 20, 2022.
             Slain by GorkyZ's ghost (8 damage)
             ... on level 4 of the Dungeon.
             The game lasted 00:06:26 (3238 turns).

GorkyZ the Trooper (Demonspawn Fighter)             Turns: 3238, Time: 00:06:27

Health: -2/37      AC: 10    Str: 19    XL:     4   Next: 79%
Magic:  4/4        EV:  9    Int:  9    God:
Gold:   222        SH:  4    Dex: 12    Spells: 3/3 levels left

rFire   . . .      SeeInvis .   a - +0 trident
rCold   . . .      Faith    .   c - +0 buckler
rNeg    . . .      Spirit   .   b - +0 scale mail
rPois   .          Reflect  .   (helmet restricted)
rElec   .          Harm     .   x - +0 cloak
rCorr   .          Rampage  .   B - +0 pair of gloves
Will    .....                   t - +0 pair of boots
Stlth   ..........              (no amulet)
HPRegen 0.12/turn               (no ring)
MPRegen 0.09/turn               (no ring)

@: no status effects
A: antennae 1, ignite blood 1, powered by death 1
a: no special abilities


You were on level 4 of the Dungeon.
You visited 1 branch of the dungeon, and saw 4 of its levels.

You collected 222 gold pieces.

Inventory:

Hand Weapons
 a - a +0 trident (weapon)
 z - a +4 short sword of venom
Missiles
 p - 4 poisoned darts (quivered)
Armour
 b - a +0 scale mail (worn)
 c - a +0 buckler (worn)
 t - a +0 pair of boots (worn)
 x - a +0 cloak (worn)
 B - a +0 pair of gloves (worn)
Scrolls
 e - a scroll of enchant armour {unknown}
 f - 3 scrolls of identify {unknown}
 g - 2 scrolls of magic mapping {unknown}
 i - a scroll of noise {unknown}
 k - a scroll of enchant weapon {unknown}
 l - 2 scrolls of fear {unknown}
 m - a scroll of poison {unknown}
 o - a scroll of butterflies {unknown}
 q - a scroll of blinking {unknown}
 s - a scroll of silence {unknown}
 v - a scroll of immolation {unknown}
 y - a scroll of teleportation {unknown}
Potions
 d - a potion of might
 h - 2 potions of magic {unknown}
 j - a potion of heal wounds {unknown}
 n - a potion of ambrosia {unknown}
 r - a potion of haste {unknown}
 u - 3 potions of curing {unknown}
 w - a potion of degeneration {unknown}
 A - a potion of cancellation {unknown}


   Skills:
 + Level 3.7 Fighting
 - Level 1.7 Polearms
 + Level 1.8 Throwing
 + Level 3.4 Armour
 - Level 2.6 Shields
 + Level 2.0 Evocations


You had 3 spell levels left.
You didn't know any spells.
Your spell library contained the following spells:

 Spells                   Type           Power      Damage    Failure   Level
 Summon Small Mammal      Summ           0%         N/A       85%         1
 Call Canine Familiar     Summ           0%         N/A       99%         3
 Ignite Poison            Fire/Tmut/Pois 0%         N/A       99%         3
 Mephitic Cloud           Conj/Pois/Air  0%         N/A       99%         3
 Summon Guardian Golem    Hex/Summ       0%         N/A       99%         3
 Freezing Cloud           Conj/Ice/Air   0%         6-21      100%        5


Dungeon Overview and Level Annotations

Branches:
Dungeon (4/15)
 Temple: D:4-7

Altars:
Yredelemnul

Annotations:
D:4 GorkyZ's ghost, amateur DsFi


Innate Abilities, Weirdness & Mutations

You have a pair of small antennae on your head.
Your demonic aura sometimes causes spilled blood to erupt in flames.
You regenerate a little health from kills.


Message History

GorkyZ's ghost hits you but does no damage.
GorkyZ's ghost barely misses you.
You closely miss GorkyZ's ghost. GorkyZ's ghost closely misses you.
You hit GorkyZ's ghost.
GorkyZ's ghost is lightly damaged.
You block GorkyZ's ghost's attack.
You hit GorkyZ's ghost.
GorkyZ's ghost is lightly damaged.
GorkyZ's ghost hits you!
* * * LOW HITPOINT WARNING * * *
GorkyZ's ghost hits you.
* * * LOW HITPOINT WARNING * * *
You hit GorkyZ's ghost.
GorkyZ's ghost is lightly damaged.
You block GorkyZ's ghost's attack.
You closely miss GorkyZ's ghost.
GorkyZ's ghost is lightly damaged.
GorkyZ's ghost barely misses you.
You hit GorkyZ's ghost but do no damage.
GorkyZ's ghost is lightly damaged.
You block GorkyZ's ghost's attack.
You barely miss GorkyZ's ghost.
GorkyZ's ghost is lightly damaged.
GorkyZ's ghost barely misses you.
GorkyZ's ghost hits you but does no damage.
You barely miss GorkyZ's ghost.
GorkyZ's ghost is lightly damaged.
GorkyZ's ghost hits you.
* * * LOW HITPOINT WARNING * * *
You hit GorkyZ's ghost.
GorkyZ's ghost is moderately damaged.
GorkyZ's ghost barely misses you.
You closely miss GorkyZ's ghost.
GorkyZ's ghost is moderately damaged.
GorkyZ's ghost wails, "They lied to you.
The Dungeon just goes down and down forever."
GorkyZ's ghost hits you but does no damage.
You hit GorkyZ's ghost but do no damage.
GorkyZ's ghost is moderately damaged.
GorkyZ's ghost hits you!
You die...

###### ######'###.#
#.#... #.........########
#.....
#.###.###.##.....#######.
#.# #.#...#......'.......
### #####.#......#######.
#.##.##.#.#......# #.
###.~.#..#.#....#.# #.
#.~~..#....####.#.#####.
#..#(W@................
#~(...'...#####..#######
##~~⌠~#..........#
#.#.~#..#.......#
##..#####.......# ###
#.......# #.....<.#
#########


You could see GorkyZ's ghost.

Vanquished Creatures
  A phantom (D:4)
  2 worms
  A dart slug (D:2)
  An orc (D:3)
  4 bats
  4 endoplasms
  A giant cockroach (D:3)
  A goblin (D:1)
  4 hobgoblins
  3 quokkas (D:1)
  6 ball pythons
  5 frilled lizards
  5 kobolds
  2 rats (D:2)
40 creatures vanquished.

Notes
Turn   | Place    | Note
-------+----------+-------------------------------------------
     0 | D:1      | GorkyZ the Demonspawn Fighter began the quest for the Orb.
     0 | D:1      | Reached XP level 1. HP: 18/18 MP: 1/1
   348 | D:1      | Gained mutation: You regenerate a little health from kills.
                  | [demonic ancestry]
   348 | D:1      | Reached XP level 2. HP: 24/24 MP: 2/2
   717 | D:1      | Reached skill level 1 in Evocations
  1369 | D:2      | Reached skill level 1 in Throwing
  1370 | D:2      | Found a basalt altar of Yredelemnul.
  1380 | D:2      | Gained mutation: You have a pair of small antennae on your
                  | head. [demonic ancestry]
  1380 | D:2      | Reached XP level 3. HP: 29/29 MP: 3/3
  1418 | D:2      | Found a faded altar of an unknown god.
  2834 | D:4      | Found a large runed translucent door.
  2835 | D:4      | Found a large runed translucent door.
  2837 | D:4      | Noticed GorkyZ's ghost (amateur DsFi)
  2896 | D:4      | Noticed a phantom
  2921 | D:4      | Killed a phantom
  2922 | D:4      | Gained mutation: Your demonic aura sometimes causes spilled
                  | blood to erupt in flames. [demonic ancestry]
  2922 | D:4      | Reached XP level 4. HP: 19/37 MP: 4/4
  3238 | D:4      | Slain by GorkyZ's ghost

Illustrated notes

Levels and vault maps discovered:
D:1:      dpeg_arrival_shelter, layout_rooms, serial_co_window_serial,
          co_window_paths_b, co_window_of_opportunity_a, co_window_paths_a,
          co_window_paths_b, co_window_corner_a, co_window_corner_cb,
          co_window_corner_b, co_window_paths_c, co_window_4corner_a,
          co_window_4corner_b, glass_columns_a, glass_columns_b,
          glass_columns_a, kennysheep_flooded_box
D:2:      layout_loops_corners, hellmonk_ecumenical_altar_slurped_away,
          basic_altar
D:3:      layout_basic, kennysheep_generic_room_14
D:4:      layout_basic, ebering_ghost_disaster_area

Skill      XL: |  1  2  3 |
---------------+----------+-----
Evocations     | 1 2 |  2.0
Armour         | 3 |  3.4
Throwing       | 1 |  1.8
Fighting       | |  3.7
Polearms       | |  1.7
Shields        | |  2.6

Action                   |  1- 3 |  4- 6 || total
-------------------------+-------+-------++-------
Melee: Trident           |   114 |    18 ||   132
Throw: Dart              |       |     3 ||     3
Armor: Scale mail        |    47 |     5 ||    52
Dodge: Dodged            |    35 |     8 ||    43
Block: Buckler           |    16 |     4 ||    20
